| TOP OF THE 1ST |
|
Milwaukee (NYP) Brewers batting - Pitching for State College Spikes : RHP Jaquan Alston
|
|
Pitching: RHP Jaquan Alston
|
|
|
Batting: SHB Sam Bingham
|
0-0: Ball 1-0: Ball 2-0: Foul Ball, location: 2F 2-1: Swinging Strike 2-2: Ball 3-2: DOUBLE (Groundball, 3L, EV 108.1 MPH)
|
|
Batting: SHB Ramon Perez
|
0-0: Called Strike 0-1: Ball Sam Bingham steals 3rd base 1-1: Swinging Strike 1-2: Ball 2-2: Foul Ball, location: 2F 2-2: Strikes out looking
|
|
Batting: RHB Ryan Miller
|
0-0: Swinging Strike 0-1: Called Strike 0-2: Ball 1-2: Strikes out swinging
|
|
Batting: RHB Alfredo Sena
|
0-0: Foul Ball, location: 2F 0-1: Ball 1-1: Foul Ball, location: 2F 1-2: Strikes out swinging
|
| Top of the 1st over - 0 runs, 1 hit, 0 errors, 1 left on base; Milwaukee (NYP) 0 - State College 0 |
| BOTTOM OF THE 1ST |
|
State College Spikes batting - Pitching for Milwaukee (NYP) Brewers : RHP Settan Suzuki
|
|
Pitching: RHP Settan Suzuki
|
|
|
Batting: RHB Robby Hickman
|
0-0: Ball 1-0: Foul Ball, location: 2F 1-1: Called Strike 1-2: Ball 2-2: TRIPLE (Flyball, 78XD, EV 90.6 MPH)
|
|
Batting: RHB Bobby Miles
|
0-0: Foul Ball, location: 2F 0-1: SINGLE (Line Drive, 6D, EV 94.4 MPH) Robby Hickman scores
|
|
Batting: LHB Ignacio Ocampo
|
0-0: Fly out, F6 (Line Drive, 6, EV 70.6 MPH)
|
|
Batting: RHB Tommy Tracy
|
0-0: Called Strike 0-1: Foul Ball, location: 2F 0-2: Strikes out looking
|
|
Batting: LHB Billy Lang
|
0-0: Ball 1-0: Swinging Strike 1-1: Ball 2-1: DOUBLE (Flyball, 8LXD, EV 110.6 MPH) Bobby Miles to third
|
|
Batting: LHB Keith Rice
|
0-0: Called Strike 0-1: Called Strike 0-2: Foul Ball, location: 2F Balk! Bobby Miles scores Billy Lang to third 0-2: Ball 1-2: Ball 2-2: Ball 3-2: Foul Ball, location: 2F 3-2: Base on Balls
|
|
Batting: RHB Alex Melgoza
|
0-0: Ball 1-0: Foul Ball, location: 2F 1-1: Called Strike 1-2: Ball 2-2: Strikes out looking
|
| Bottom of the 1st over - 2 runs, 3 hits, 0 errors, 2 left on base; Milwaukee (NYP) 0 - State College 2 |
| TOP OF THE 2ND |
|
Milwaukee (NYP) Brewers batting - Pitching for State College Spikes : RHP Jaquan Alston
|
|
Batting: SHB Jerry Duffy
|
0-0: Ball 1-0: Called Strike 1-1: Ball 2-1: Ball 3-1: Base on Balls
|
|
Batting: LHB Sal Burgos
|
0-0: Ball 1-0: SINGLE (Line Drive, 89S, EV 97.5 MPH) Jerry Duffy to second
|
|
Batting: RHB Juan Villanueva
|
0-0: Ball 1-0: Called Strike 1-1: Ball 2-1: Fielders Choice at 2nd, 6-4 (Groundball, 6, EV 91.9 MPH) Jerry Duffy to third
|
|
Batting: RHB Dan Allred
|
0-0: Ball 1-0: Fly out, F9 (Flyball, 89S, EV 86.2 MPH)
|
|
Batting: RHB Chris Riddel
|
0-0: Ball 1-0: Ground out 1-3 (Groundball, 13S, EV 75.6 MPH)
|
| Top of the 2nd over - 0 runs, 1 hit, 0 errors, 2 left on base; Milwaukee (NYP) 0 - State College 2 |
| BOTTOM OF THE 2ND |
|
State College Spikes batting - Pitching for Milwaukee (NYP) Brewers : RHP Settan Suzuki
|
|
Batting: RHB Richard Riggs
|
0-0: Ground out 6-3 (Groundball, 6S, EV 65.0 MPH)
|
|
Batting: RHB Julio Sandoval
|
0-0: Called Strike 0-1: Foul Ball, location: 2F 0-2: Foul Ball, location: 2F 0-2: Ball 1-2: Strikes out looking
|
|
Batting: RHB Robby Hickman
|
0-0: Swinging Strike 0-1: Called Strike 0-2: Strikes out looking
|
| Bottom of the 2nd over - 0 runs, 0 hits, 0 errors, 0 left on base; Milwaukee (NYP) 0 - State College 2 |
| TOP OF THE 3RD |
|
Milwaukee (NYP) Brewers batting - Pitching for State College Spikes : RHP Jaquan Alston
|
|
Batting: SHB Sam Bingham
|
0-0: Ground out 6-3 (Groundball, 6M, EV 85.0 MPH)
|
|
Batting: SHB Ramon Perez
|
0-0: Ball 1-0: Called Strike 1-1: Fly out, F9 (Flyball, 9LD, EV 90.6 MPH)
|
|
Batting: RHB Ryan Miller
|
0-0: Called Strike 0-1: Ball 1-1: SINGLE (Flyball, 89S, EV 90.6 MPH)
|
|
Batting: RHB Alfredo Sena
|
0-0: Called Strike Ryan Miller is caught stealing 2nd base 2-4
|
| Top of the 3rd over - 0 runs, 1 hit, 0 errors, 0 left on base; Milwaukee (NYP) 0 - State College 2 |
| BOTTOM OF THE 3RD |
|
State College Spikes batting - Pitching for Milwaukee (NYP) Brewers : RHP Settan Suzuki
|
|
Batting: RHB Bobby Miles
|
0-0: Called Strike 0-1: Foul Ball, location: 2F 0-2: Fly out, F7 (Line Drive, 78M, EV 94.4 MPH)
|
|
Batting: LHB Ignacio Ocampo
|
0-0: Called Strike 0-1: Called Strike 0-2: Ground out U3 (Groundball, 3, EV 106.2 MPH)
|
|
Batting: RHB Tommy Tracy
|
0-0: Called Strike 0-1: Ball 1-1: Foul Ball, location: 2F 1-2: SINGLE (Line Drive, 9S, EV 104.4 MPH)
|
|
Batting: LHB Billy Lang
|
0-0: Ball 1-0: Foul Ball, location: 2F 1-1: Ball 2-1: Called Strike 2-2: Strikes out swinging
|
| Bottom of the 3rd over - 0 runs, 1 hit, 0 errors, 1 left on base; Milwaukee (NYP) 0 - State College 2 |
| TOP OF THE 4TH |
|
Milwaukee (NYP) Brewers batting - Pitching for State College Spikes : RHP Jaquan Alston
|
|
Batting: RHB Alfredo Sena
|
0-0: Called Strike 0-1: Ball 1-1: Swinging Strike 1-2: Ball 2-2: Strikes out swinging
|
|
Batting: SHB Jerry Duffy
|
0-0: Called Strike 0-1: Ball 1-1: Ground out 4-3 (Groundball, 4, EV 89.4 MPH)
|
|
Batting: LHB Sal Burgos
|
0-0: Ground out 6-3 (Groundball, 4, EV 81.9 MPH)
|
| Top of the 4th over - 0 runs, 0 hits, 0 errors, 0 left on base; Milwaukee (NYP) 0 - State College 2 |
| BOTTOM OF THE 4TH |
|
State College Spikes batting - Pitching for Milwaukee (NYP) Brewers : RHP Settan Suzuki
|
|
Batting: LHB Keith Rice
|
0-0: SINGLE (Line Drive, 9S, EV 91.2 MPH)
|
|
Batting: RHB Alex Melgoza
|
0-0: Foul Ball, location: 2F 0-1: Ball 1-1: Called Strike 1-2: Strikes out swinging
|
|
Batting: RHB Richard Riggs
|
0-0: Called Strike 0-1: Ball 1-1: Grounds into double play, 6-4-3 (Groundball, 6, EV 85.0 MPH)
|
| Bottom of the 4th over - 0 runs, 1 hit, 0 errors, 0 left on base; Milwaukee (NYP) 0 - State College 2 |
| TOP OF THE 5TH |
|
Milwaukee (NYP) Brewers batting - Pitching for State College Spikes : RHP Jaquan Alston
|
|
Batting: RHB Juan Villanueva
|
0-0: Ball 1-0: Ball 2-0: Ground out 6-3 (Groundball, 6, EV 101.2 MPH)
|
|
Batting: RHB Dan Allred
|
0-0: Ball 1-0: Swinging Strike 1-1: Swinging Strike 1-2: Strikes out swinging
|
|
Batting: RHB Chris Riddel
|
0-0: Ball 1-0: Called Strike 1-1: Called Strike 1-2: Strikes out swinging
|
| Top of the 5th over - 0 runs, 0 hits, 0 errors, 0 left on base; Milwaukee (NYP) 0 - State College 2 |
| BOTTOM OF THE 5TH |
|
State College Spikes batting - Pitching for Milwaukee (NYP) Brewers : RHP Settan Suzuki
|
|
Batting: RHB Julio Sandoval
|
0-0: Ball 1-0: Called Strike 1-1: Ball 2-1: Foul Ball, location: 2F 2-2: Strikes out swinging
|
|
Batting: RHB Robby Hickman
|
0-0: Called Strike 0-1: Ground out 3-1 (Groundball, 34, EV 81.2 MPH)
|
|
Batting: RHB Bobby Miles
|
0-0: Called Strike 0-1: Foul Ball, location: 2F 0-2: Ball 1-2: Strikes out swinging
|
| Bottom of the 5th over - 0 runs, 0 hits, 0 errors, 0 left on base; Milwaukee (NYP) 0 - State College 2 |
| TOP OF THE 6TH |
|
Milwaukee (NYP) Brewers batting - Pitching for State College Spikes : RHP Jaquan Alston
|
|
Batting: SHB Sam Bingham
|
0-0: Foul Ball, location: 2F 0-1: Swinging Strike 0-2: Strikes out swinging, 2-3 out at first.
|
|
Batting: SHB Ramon Perez
|
0-0: Ball 1-0: Called Strike 1-1: Called Strike 1-2: Strikes out looking
|
|
Batting: RHB Ryan Miller
|
0-0: Fly out, F7 (Flyball, 7, EV 89.4 MPH)
|
| Top of the 6th over - 0 runs, 0 hits, 0 errors, 0 left on base; Milwaukee (NYP) 0 - State College 2 |
| BOTTOM OF THE 6TH |
|
State College Spikes batting - Pitching for Milwaukee (NYP) Brewers : RHP Settan Suzuki
|
|
Batting: LHB Ignacio Ocampo
|
0-0: DOUBLE (Groundball, 3L, EV 110.6 MPH)
|
|
Batting: RHB Tommy Tracy
|
0-0: Foul Ball, location: 2F 0-1: Called Strike 0-2: Ground out 6-3 (Groundball, 6S, EV 76.9 MPH) Ignacio Ocampo to third
|
|
Pitching: LHP Juan Gonzalez
|
|
|
Batting: LHB Billy Lang
|
0-0: Called Strike 0-1: Foul Ball, location: 2F 0-2: Ball 1-2: Foul Ball, location: 2F 1-2: Strikes out looking
|
|
Batting: LHB Keith Rice
|
0-0: Ball 1-0: Ball 2-0: Ball 3-0: Base on Balls
|
|
Batting: RHB Alex Melgoza
|
0-0: Called Strike 0-1: Swinging Strike 0-2: Ball 1-2: Ball 2-2: Foul Ball, location: 2F 2-2: Fly out, F4 (Popup, 4M, EV 55.6 MPH)
|
| Bottom of the 6th over - 0 runs, 1 hit, 0 errors, 2 left on base; Milwaukee (NYP) 0 - State College 2 |
| TOP OF THE 7TH |
|
Milwaukee (NYP) Brewers batting - Pitching for State College Spikes : RHP Jaquan Alston
|
|
Batting: RHB Alfredo Sena
|
0-0: Ball 1-0: Ball 2-0: Called Strike 2-1: Fly out, F9 (Flyball, 89S, EV 90.6 MPH)
|
|
Batting: SHB Jerry Duffy
|
0-0: Called Strike 0-1: Ball 1-1: Called Strike 1-2: TRIPLE (Flyball, 89XD, EV 107.5 MPH)
|
|
Batting: LHB Sal Burgos
|
Balk! Jerry Duffy scores 0-0: Called Strike 0-1: Foul Ball, location: 2F 0-2: Ball 1-2: Strikes out swinging
|
|
Batting: RHB Juan Villanueva
|
0-0: Ball 1-0: Called Strike 1-1: Fly out, F7 (Flyball, 78S, EV 86.9 MPH)
|
| Top of the 7th over - 1 run, 1 hit, 0 errors, 0 left on base; Milwaukee (NYP) 1 - State College 2 |
| BOTTOM OF THE 7TH |
|
State College Spikes batting - Pitching for Milwaukee (NYP) Brewers : LHP Juan Gonzalez
|
|
Batting: RHB Richard Riggs
|
0-0: Called Strike 0-1: Ball 1-1: Ground out 3-1 (Groundball, 34, EV 111.2 MPH)
|
|
Batting: RHB Julio Sandoval
|
0-0: Ball 1-0: Called Strike 1-1: Foul Ball, location: 2F 1-2: SINGLE (Flyball, 7S, EV 96.2 MPH)
|
|
Batting: RHB Robby Hickman
|
0-0: Swinging Strike 0-1: Called Strike 0-2: Ball 1-2: Strikes out swinging
|
|
Batting: RHB Bobby Miles
|
0-0: Ball 1-0: Ball 2-0: Ball 3-0: Called Strike 3-1: Base on Balls Julio Sandoval to second
|
|
Batting: LHB Ignacio Ocampo
|
0-0: Ball 1-0: SINGLE (Line Drive, 4MD, EV 104.4 MPH) Julio Sandoval to third Bobby Miles to second Runner from 3rd tries for Home, SAFE, throw by CF to home
|
|
Batting: RHB Tommy Tracy
|
0-0: Called Strike 0-1: Swinging Strike 0-2: Strikes out swinging
|
| Bottom of the 7th over - 1 run, 2 hits, 0 errors, 2 left on base; Milwaukee (NYP) 1 - State College 3 |
| TOP OF THE 8TH |
|
Milwaukee (NYP) Brewers batting - Pitching for State College Spikes : RHP Jaquan Alston
|
|
Pitching: RHP Mike Cain
|
|
|
Batting: RHB Dan Allred
|
0-0: Foul Ball, location: 2F 0-1: Ball 1-1: Hit by Pitch
|
|
Batting: RHB Chris Riddel
|
0-0: Fielders Choice at 2nd, 5-4 (Groundball, 25, EV 85.6 MPH)
|
|
Batting: SHB Sam Bingham
|
0-0: Ball 1-0: Called Strike 1-1: Foul Ball, location: 2F 1-2: Strikes out swinging
|
|
Batting: SHB Ramon Perez
|
0-0: Foul Ball, location: 2F 0-1: Ball 1-1: Foul Ball, location: 2F 1-2: Foul Ball, location: 2F 1-2: Ground out U3 (Groundball, 3, EV 85.0 MPH)
|
| Top of the 8th over - 0 runs, 0 hits, 0 errors, 1 left on base; Milwaukee (NYP) 1 - State College 3 |
| BOTTOM OF THE 8TH |
|
State College Spikes batting - Pitching for Milwaukee (NYP) Brewers : LHP Juan Gonzalez
|
|
Batting: LHB Billy Lang
|
0-0: Foul Ball, location: 2F 0-1: Ball 1-1: Ball 2-1: Foul Ball, location: 2F 2-2: Foul Ball, location: 2F 2-2: Fly out, F7 (Flyball, 78S, EV 95.6 MPH)
|
|
Batting: LHB Keith Rice
|
0-0: Ball 1-0: Foul Ball, location: 2F 1-1: Ball 2-1: Ball 3-1: Base on Balls
|
|
Batting: RHB Alex Melgoza
|
0-0: Ball 1-0: Ball 2-0: Called Strike 2-1: Ball 3-1: Fly out, F7 (Flyball, 7, EV 88.1 MPH)
|
|
Batting: RHB Richard Riggs
|
0-0: Ground out 5-3 (Groundball, 25, EV 87.5 MPH)
|
| Bottom of the 8th over - 0 runs, 0 hits, 0 errors, 1 left on base; Milwaukee (NYP) 1 - State College 3 |
| TOP OF THE 9TH |
|
Milwaukee (NYP) Brewers batting - Pitching for State College Spikes : RHP Mike Cain
|
|
Pitching: LHP Nick Suggett
|
|
|
Batting: RHB Ryan Miller
|
0-0: Foul Ball, location: 2F 0-1: Ball 1-1: Ball 2-1: Called Strike 2-2: Strikes out looking
|
|
Batting: RHB Alfredo Sena
|
0-0: Foul Ball, location: 2F 0-1: Ball 1-1: SINGLE (Line Drive, 6M, EV 100.0 MPH)
|
|
Batting: SHB Jerry Duffy
|
0-0: Ball 1-0: TRIPLE (Flyball, 89XD, EV 101.2 MPH) Alfredo Sena scores
|
|
Batting: LHB Sal Burgos
|
0-0: Called Strike 0-1: Called Strike 0-2: Strikes out swinging, 2-3 out at first.
|
|
Batting: RHB Juan Villanueva
|
0-0: Foul Ball, location: 2F 0-1: Swinging Strike 0-2: Ball 1-2: Strikes out swinging
|
| Top of the 9th over - 1 run, 2 hits, 0 errors, 1 left on base; Milwaukee (NYP) 2 - State College 3 |
|